Engelson, chaotic male elven Ranger - ----------- .`......i..`| |.....`..@i.| | -----fk.| |...| |`..) |...| -...| ....| ...`| ------ Engelson the Trailblazer Experience level: 8 Strength: 15 Dexterity: 10 Constitution: 15 Intelligence: 15 Wisdom: 13 Charisma: 8 Health: 0(50) Energy: 49(49) AC: 10 Gold: 1049 Moves: 4462 Your Inventory: Coins $ - 1049 gold pieces Amulets z - an uncursed amulet versus poison (being worn) Weapons a - the uncursed +1 Sting (alternate weapon; not wielded) b - an uncursed +1 elven bow (weapon in hand) c - 4 uncursed +2 elven arrows (in quiver) d - 10 uncursed +0 elven arrows B - an uncursed +0 dwarvish mattock named Unc Armor C - a blessed +0 dwarvish cloak (being worn) Comestibles f - 5 uncursed lembas wafers o - an [uncursed] tin [of large kobold meat] p - 3 [uncursed] bananas q - an [uncursed] cream pie t - 2 [uncursed] food rations U - an [uncursed] tripe ration Z - an [uncursed] slime mold Scrolls g - an uncursed scroll of blank paper Spellbooks P - an [uncursed] cloth spellbook [of cure sickness] Potions O - a [blessed] potion of oil Q - an [uncursed] potion of invisibility S - an [uncursed] potion of object detection V - an [uncursed] potion of extra healing Y - an [uncursed] yellow potion [of hallucination] Wands D - an [uncursed] wand of magic missile [0:4] Tools l - an [uncursed] lock pick w - an [uncursed] tin whistle A - an uncursed magic marker (0:12) I - an [uncursed] leash L - an [uncursed] drum of earthquake [0:7] R - an [uncursed tallow] candle T - an [uncursed] looking glass [mirror] W - an [uncursed] looking glass [mirror] Gems n - an uncursed amber stone Spells known in the end: Name Level Category Fail Memory Your skills at the end: Fighting Skills Weapon Skills dagger [Basic / Expert] bow [Skilled / Expert] Spellcasting Skills Final Attributes: You were piously aligned. Hunger level was 614. Your alignment was 32 / 32. Monster difficulty range was 1 - 7. Level difficulty was 7. You were immune to sleep. You were immune to poison. You saw invisible. You were telepathic. You had automatic searching. You had infravision. You were stealthy. Your luck was zero. You are dead. Vanquished creatures: a small mimic 2 wolves a leprechaun a lizard a blue jelly 3 soldier ants 12 bugbears 2 water nymphs 5 Mordor orcs a rock piercer 2 enormous rats 2 fog clouds a shrieker 5 gnome lords a gnomish wizard 2 elf zombies a straw golem 11 giant ants a floating eye a dwarf a homunculus 3 kobold lords 4 kobold shamans 12 hill orcs a centipede 5 orc zombies a wererat 2 werejackals 3 iguanas an acid blob 2 coyotes a gas spore a hobbit 3 large kobolds 13 hobgoblins a giant rat 2 cave spiders a brown mold 2 yellow molds a green mold 6 gnomes 2 gnome zombies 2 geckos a fox a kobold 5 goblins 2 sewer rats 3 grid bugs a lichen a newt 140 creatures vanquished. Voluntary challenges: You used a wielded weapon 80 times. You read items or engraved 7 times. You put on armor 2 times. You never genocided any monsters. You never polymorphed an object. You never changed form. You used no wishes. You never wrote Elbereth's name. You never encountered a bones level. You never used any Sokoban shortcuts. Dungeon overview: The Dungeons of Doom: levels 1 to 7 Level 1 a fountain a long staircase Level 2 a general store, some fountains Level 3 a general store, some fountains Level 4 a jewelry store, some fountains stairs to The Gnomish Mines Level 5 a music store Level 7 <- You were here The Gnomish Mines: Level 5 stairs to The Dungeons of Doom History has recorded: On T:1 you entered the Dungeons of Doom to retrieve the Amulet of Yendor! On T:8 you reached level 4 of The Dungeons of Doom. On T:39 you advanced to experience level 2. On T:41 you advanced to experience level 3. On T:47 you advanced to experience level 4. On T:182 you reached level 5 of The Dungeons of Doom. On T:210 you reached level 3 of The Dungeons of Doom. On T:215 you advanced to experience level 5. On T:406 you reached level 2 of The Dungeons of Doom. On T:1222 you advanced to experience level 6. On T:2350 you advanced to experience level 7. On T:2621 you reached level 1 of The Gnomish Mines. On T:3424 you advanced to experience level 8. On T:3569 you reached level 6 of The Dungeons of Doom. On T:4454 you reached level 7 of The Dungeons of Doom. Latest messages: [HP-9=25] You shoot 3 elven arrows. The 1st elven arrow hits the soldier ant! The 2nd elven arrow hits the soldier ant! You kill the soldier ant! The kobold picks up 2 uncursed +2 elven arrows. You hear water falling on coins. The tripe ration misses the jaguar. The invisible tengu bites! The jaguar hits! (2x) The jaguar bites! [HP-17=8] You shoot 2 elven arrows. The 1st elven arrow hits the jaguar! The 2nd elven arrow hits the jaguar! The kobold hits! The invisible tengu bites! The jaguar hits! You die... Final status: Goodbye Engelson the Ranger... You died in The Dungeons of Doom on dungeon level 7 with 2961 points, and 1049 pieces of gold, after 4462 moves. You were level 8 with a maximum of 50 hit points when you died.